 Dungeon Crawl Stone Soup version 0.27-a0-1147-gb3d8e82157 (webtiles) character file.

Game seed: 9124392788272654489

15 runemasterragnar the Sneak (level 2, -1/25 HPs)
             Began as a Djinni Delver on May 12, 2021.
             Slain by a river rat (4 damage)
             ... on level 3 of the Dungeon.
             The game lasted 00:01:24 (315 turns).

runemasterragnar the Sneak (Djinni Delver)           Turns: 315, Time: 00:01:25

Health: -1/25      AC:  3    Str: 11    XL:     2   Next: 50%
Gold:   27         EV: 12    Int: 11    God:
                   SH:  0    Dex: 14

rFire    + + .     SeeInvis .   a - +0 falchion
rCold    x . .     Faith    .   (no shield)
rNeg     . . .     Spirit   .   b - +0 leather armour
rPois    ∞         Reflect  .   (no helmet)
rElec    .         Harm     .   (no cloak)
rCorr    .         Rampage  .   (no gloves)
Will     .....                  (boots unavailable)
Stlth    ++........             (no amulet)
HPRegen  0.08/turn              (no ring)
MPRegen  0.00/turn              (no ring)

@: flying
A: sickness immunity, fire resistance 2, cold vulnerability 1, float, innate
caster, hp casting, extra vitality 1
a: no special abilities


You were on level 3 of the Dungeon.
You visited 1 branch of the dungeon, and saw 3 of its levels.

You collected 27 gold pieces.

Inventory:

Hand Weapons
 a - a +0 falchion (weapon)
Armour
 b - a +0 leather armour (worn)
 i - a +0 ring mail
Wands
 g - a wand of digging (3)
 h - a wand of mindburst (17)
Scrolls
 c - a scroll of fog
 e - a scroll of fear
Potions
 f - a potion of haste


   Skills:
 + Level 3.1 Fighting
 + Level 2.0 Long Blades
 + Level 2.4 Dodging
 - Level 4.2 Stealth
 + Level 0.5 Evocations


You had one spell level left.
You didn't know any spells.
Your spell library was empty.

Dungeon Overview and Level Annotations

Branches:
Dungeon (5/15)
 Temple: D:4-7

Altars:

Portals:
Sewer: D:3


Innate Abilities, Weirdness & Mutations

You are immune to sickness and miasma.
You are immune to poison.
Your flesh is very heat resistant. (rF++)
You are vulnerable to cold. (rC-)
You float through the air rather than walking.
You learn spells naturally, not from books.
Your magical power is your life essence.
You have superior vitality. (+4 HP)


Message History

You hit the goblin.
You kill the goblin!
You barely miss the endoplasm. The endoplasm misses you.
You hit the endoplasm but do no damage. The endoplasm freezes you.
You are frozen!
You feel a terrible chill!
You hit the endoplasm.
The endoplasm is lightly wounded.
The endoplasm freezes you.
You are frozen.
You feel a terrible chill!
* * * LOW HITPOINT WARNING * * *
You hit the endoplasm.
You kill the endoplasm!
Your Long Blades skill increases to level 2!
Things that are here:
a +0 club; a goblin corpse; a river rat corpse You start resting.
You hear the slow rusting of a drain very nearby.
Things that are here:
a +0 club; a goblin corpse; a river rat corpse You start resting.
You hear the slow rusting of a drain very nearby.
A ball python comes into view.
Found 7 gold pieces.
You closely miss the river rat. The river rat closely misses you.
You hit the river rat but do no damage. The river rat bites you!
* * * LOW HITPOINT WARNING * * *
You hit the river rat.
The river rat is moderately wounded.
The river rat closely misses you.
You riposte.
You hit the river rat.
The river rat is heavily wounded.
You hit the river rat.
The river rat is almost dead.
The river rat closely misses you. x2; You riposte.
You hit the river rat but do no damage.
The river rat is almost dead.
You closely miss the river rat.
The river rat is almost dead.
The river rat bites you.
You die...

*,,+,,,,,###..≈≈∩≈≈......#,***,**
*,*#,,,,,#...r≈≈≈≈≈.....,,,,,,,,,
,,,g.#+###+#...≈≈≈.....#,*,*,****
*,**#................#,*,*,*,****
*+**#................#,*,*,*,**,,
,,,,#..........#.#.#.#,*,*,*,**,,
,,,,#.(........#S#.#,..*,*,*,,,,,
,,,,##+###'#####r#.#####.#,*,*,,,
,,,,*#.###'#####@#....$..#,*,,,,,
,,,,*#....>...)...........,,,,,,,
,,,,*###.....###..........,,,,,,,
,,,,* #.....# ######.....,,,,***
,,,,* #.....# *.....,,,,+,, *+***
#.....# *,....,,,,**,
*,*****#.....#********+###******,
*,*,,,.......#*,,,,,,,,,,* *,
*,*,,.......##*,,,,,,,,,,* *,


You could see a river rat and a ball python.

Vanquished Creatures
  A river rat (D:3)
  An adder skeleton (D:4)
  An endoplasm (D:3)
  A goblin (D:3)
4 creatures vanquished.

Vanquished Creatures (others)
  13 plants (D:3)
13 creatures vanquished.

Grand Total: 17 creatures vanquished

Notes
Turn   | Place    | Note
-------+----------+-------------------------------------------
     0 | D:5      | runemasterragnar the Djinni Delver began the quest for the
                  | Orb.
     0 | D:5      | Reached XP level 1. HP: 20/20 MP: 0/0
    24 | D:5      | Noticed a two-headed ogre
   202 | D:3      | Found a glowing drain.
   233 | D:3      | Reached XP level 2. HP: 17/25 MP: 0/0
   315 | D:3      | Slain by a river rat

Illustrated notes

Levels and vault maps discovered:
D:3:      layout_basic, portal_sewer_entry_a, serial_bayou_lagoon_a,
          grunt_ministairs_7, uniq_robin, uniq_crazy_yiuf_cottage
D:4:      layout_loops_ring, dk_yredelemnul_ordeal, feat_on_display
D:5:      layout_rooms, lemuel_round_altar, minmay_temple_entry_overgrown,
          uniq_menkaure

Skill      XL: |  1  2 |
---------------+-------+-----
Long Blades    | 2 |  2.0
Fighting       | |  3.1
Dodging        | |  2.4
Stealth        | |  4.2
Evocations     | |  0.5

Action                   || total
-------------------------++-------
Melee: Falchion          ||    22
  Use: Scroll            ||     1
Armor: Leather armour    ||     1
Dodge: Dodged            ||    12
       Rpst.: Falchion   ||     5

Table legend: (Time is in decaauts)
 A = Elapsed time spent in this place.
 B = Non-inter-level travel time spent in this place.
 C = Inter-level travel time spent in this place.
 D = Time resting spent in this place.
 E = Time spent auto-exploring this place.
 F = Levels seen in this place.
 G = Mean time per level.
                   A        B        C        D        E       F      G
               +--------+--------+--------+--------+--------+-----+--------+
         Total |    318 |    318 |      0 |     54 |    127 |   3 |  106.0 |
       Dungeon |    318 |    318 |      0 |     54 |    127 |   3 |  106.0 |
               +--------+--------+--------+--------+--------+-----+--------+

Top non-repeatable levels by time:
     D:4: 150 daAuts
     D:3: 120 daAuts
     D:5: 48 daAuts
